 Dungeon Crawl Stone Soup version 0.31-a0-538-gbc85326fa9 (console) character file.

Game seed: 4814412708408561866

17872 jejorda2 the Cleaver (level 12, -9/145 HPs)
             Began as a Gnoll Berserker on Aug 13, 2023.
             Was an Elder of Trog.
             Mangled by a minotaur
             ... wielding the +10 spear of Bysky {freeze, Dex+8}
              (10 damage)
             ... in a Gauntlet.
             The game lasted 00:29:48 (12419 turns).

jejorda2 the Cleaver (Gnoll Berserker)             Turns: 12419, Time: 00:29:48

Health: -9/145     AC: 14    Str: 30    XL:     12   Next: 52%
Magic:  23/23      EV: 18    Int:  7    God:    Trog [****..]
Gold:   585        SH:  5    Dex:  8    Spells: 26/26 levels left

rFire   . . .        a - +0 broad axe
rCold   . . .        (no shield)
rNeg    . . .        z - +3 ring mail of Vehumet's Favour {rPois Str+2 Dex-3 SInv}
rPois   +            (no helmet)
rElec   .            (no cloak)
rCorr   .            u - +2 pair of gloves
SInv    +            q - +0 pair of boots
Will    .....        D - amulet of reflection Stlth
                     o - +6 ring of strength
HPRegen 0.44/turn    H - +5 ring of evasion
MPRegen 0.18/turn

%: no teleportation, reflection
@: berserking, very quick
A: fangs 1, strong nose, distributed training
a: Renounce Religion, Berserk, Trog's Hand, Brothers in Arms


You were in a Gauntlet.
You worshipped Trog.
Trog was greatly pleased with you.
You visited 2 branches of the dungeon, and saw 12 of its levels.
You also visited: Gauntlet.

You collected 662 gold pieces.
You spent 77 gold pieces at shops.

Inventory:

Hand Weapons
 a - a +0 broad axe (weapon)
 b - the +10 orcbow of Juugeng {flame, rElec rPois rCorr Str-5}
   (You found it on level 9 of the Dungeon)

   Str-5:     It affects your strength (-5).
   rElec:     It insulates you from electricity.
   rPois:     It protects you from poison rCorr: It protects you from acid and
   corrosion.
 F - a +0 hand axe of flaming
Missiles
 g - 2 curare-tipped darts
 r - 29 poisoned darts (quivered)
 C - 6 javelins
Armour
 q - a +0 pair of boots (worn)
 t - the +1 pair of gloves of Weceluj {+Inv rPois Int-2 Dex+9 Slay-5}
   (You found it in a Gauntlet)

   Int-2:     It affects your intelligence (-2).
   Dex+9:     It affects your dexterity (+9).
   Slay-5:    It affects your accuracy & damage with ranged weapons and melee
   (-5).
   rPois:     It protects you from poison +Inv: It lets you turn invisible.
 u - a +2 pair of gloves (worn)
 z - the +3 ring mail of Vehumet's Favour (worn) {rPois Str+2 Dex-3 SInv}
   (You found it on level 5 of the Dungeon)

   Str+2:     It affects your strength (+2).
   Dex-3:     It affects your dexterity (-3).
   rPois:     It protects you from poison SInv: It lets you see invisible.
Jewellery
 o - a +6 ring of strength (left hand)
 p - a ring of see invisible
 A - a +6 ring of dexterity
 D - an amulet of reflection (around neck)
 H - a +5 ring of evasion (right hand)
Wands
 v - a wand of flame (40)
Scrolls
 h - 2 scrolls of fear {unknown}
 j - a scroll of revelation
 k - a scroll of butterflies {unknown}
 l - 2 scrolls of blinking
 m - a scroll of poison
 s - 3 scrolls of silence {unknown}
 y - 6 scrolls of teleportation
 E - a scroll of enchant weapon {unknown}
 G - a scroll of vulnerability {unknown}
 I - a scroll of brand weapon {unknown}
Potions
 c - 2 potions of haste
 d - a potion of attraction {unknown}
 e - 6 potions of curing
 f - 2 potions of magic {unknown}
 i - 2 potions of mutation
 n - 2 potions of might
 w - a potion of resistance
 x - 2 potions of lignification
 B - 2 potions of brilliance {unknown}


   Skills:
 + Level 10.0 Fighting
 + Level 7.5 Short Blades
 + Level 7.5 Long Blades
 + Level 10.0 Axes
 + Level 7.5 Maces & Flails
 + Level 7.5 Polearms
 + Level 7.5 Staves
 + Level 7.5 Ranged Weapons
 + Level 7.5 Throwing
 + Level 8.9 Armour
 + Level 8.9 Dodging
 + Level 7.5 Stealth
 + Level 7.5 Shields
 + Level 7.5 Unarmed Combat
 + Level 7.5 Spellcasting
 + Level 6.2 Conjurations
 + Level 6.2 Hexes
 + Level 6.2 Summonings
 + Level 6.2 Necromancy
 + Level 6.2 Translocations
 + Level 6.2 Transmutations
 + Level 6.2 Fire Magic
 + Level 6.2 Ice Magic
 + Level 6.2 Air Magic
 + Level 6.2 Earth Magic
 + Level 6.2 Poison Magic
 + Level 8.2 Invocations
 + Level 7.5 Evocations
 + Level 6.2 Shapeshifting


You had 26 spell levels left.
You didn't know any spells.
Your spell library was empty.

Dungeon Overview and Level Annotations

Branches:
Dungeon (9/15)             Temple (0/1) D:7            Lair (3/5) D:8
 Spider (0/4) Lair:2          Orc (0/2) D:9         Gauntlet (1/1)
  Swamp: Lair:2-3    Shoals: Lair:2-3

Altars:
Ashenzari
Elyvilon
Fedhas
Gozag
Hepliaklqana
Qazlal
Ru
Sif Muna
Trog
Uskayaw
Vehumet
Zin

Shops:
D:3 *   D:4 (*

Annotations:
D:9 3 runed translucent doors, exclusion: 3 doors, osoart's ghost, novice MfSh Gauntlet 8 transporters


Innate Abilities, Weirdness & Mutations

You have very sharp teeth.
Your uncanny sense of smell can sniff out nearby items.
Your experience applies equally to all skills.


Message History

The minotaur is lightly wounded.
You slash the minotaur!
The minotaur is moderately wounded.
The minotaur hits you with the +10 spear of Bysky {freeze, Dex+8}!!
The minotaur freezes you. The minotaur misses you.
You slice the minotaur!!
The minotaur is heavily wounded.
The minotaur hits you with the +10 spear of Bysky {freeze, Dex+8}.
The minotaur freezes you.
The minotaur gores you but does no damage.
You slash the minotaur!
The minotaur is severely wounded.
You slash the minotaur!
The minotaur is severely wounded.
The minotaur hits you with the +10 spear of Bysky {freeze, Dex+8}!!
The minotaur freezes you!
* * * LOW HITPOINT WARNING * * *
The minotaur closely misses you.
You hit the minotaur but do no damage.
The minotaur is severely wounded.
The minotaur hits you with the +10 spear of Bysky {freeze, Dex+8}!
* * * LOW HITPOINT WARNING * * *
The minotaur freezes you.
* * * LOW HITPOINT WARNING * * *
The minotaur gores you but does no damage.
You hit the minotaur but do no damage.
The minotaur is severely wounded.
The minotaur hits you with the +10 spear of Bysky {freeze, Dex+8}!!
* * * LOW HITPOINT WARNING * * *
The minotaur freezes you.
* * * LOW HITPOINT WARNING * * *
You block the minotaur's attack.
Press: ? - help, v - describe, . - travel
Here: a minotaur, wielding the +10 spear of Bysky {freeze, Dex+8}, wearing a +0 chain mail and quivering silver javelins (severely wounded)
The floor, spattered with blood.
Unknown command.
You barely miss the minotaur.
The minotaur is severely wounded.
The minotaur misses you. The minotaur gores you!
You die...

#########.#########
#.............#
#.#########.#.# #.
#...#.# #.
#####.#.# #.##8
##.#.# ... ∆ #..#.#
#H# #.####
#@#####.# #.......#
#########


You could see a minotaur.

Vanquished Creatures
  A hell beast (Gauntlet)
  An ogre mage (D:9)
  A catoblepas (Lair:1)
  A two-headed ogre (D:9)
  A sixfirhy (Gauntlet)
  Pikel (D:5)
  A manticore (D:8)
  2 black mambas
  A smoke demon (Gauntlet)
  5 cane toads
  A rime drake (Lair:2)
  2 komodo dragons
  A red devil (Gauntlet)
  A troll (D:9)
  A hornet (D:9)
  Grinder (D:4)
  9 yaks (Lair:1)
  Eustachio (D:6)
  4 basilisks
  5 wyverns
  A steam dragon (Lair:2)
  Edmund (D:4)
  2 redbacks (Lair:2)
  A vampire mosquito (D:8)
  Duvessa (D:4)
  14 water moccasins
  A hell hound (Gauntlet)
  2 ice beasts
  6 black bears
  Pargi (D:4)
  An orc warrior (D:8)
  2 sky beasts
  2 ogres (D:5)
  8 wolves
  3 centaurs
  A phantom (D:4)
  4 kobold brigands
  9 bullfrogs
  A gnoll sergeant (D:9)
  4 scorpions
  8 wights (D:9)
  Dowan (D:4)
  10 killer bees
  3 crimson imps (Gauntlet)
  4 orc priests
  4 hounds
  A jelly (D:8)
  A gnoll bouda (D:5)
  A sleepcap (D:7)
  3 iguanas
  2 orc wizards (D:8)
  4 hell rats (Lair:1)
  9 gnolls
  7 adders
  2 white imps (D:6)
  3 ufetubi (Gauntlet)
  2 dart slugs
  20 orcs
  7 bats
  4 endoplasms
  3 giant cockroaches
  6 goblins
  11 hobgoblins
  3 jackals (D:1)
  29 kobolds
  4 quokkas
  7 ball pythons
  2 frilled lizards
  5 rats
272 creatures vanquished.

Notes
Turn   | Place    | Note
-------+----------+-------------------------------------------
     0 | D:1      | jejorda2 the Gnoll Berserker began the quest for the Orb.
     0 | D:1      | Reached XP level 1. HP: 23/23 MP: 1/1
    38 | D:1      | Found a faded altar of an unknown god.
    70 | D:1      | Reached XP level 2. HP: 29/29 MP: 2/2
   415 | D:1      | Reached XP level 3. HP: 35/35 MP: 3/3
   778 | D:2      | Reached ** piety under Trog
   779 | D:2      | Reached skill level 1 in Invocations
   933 | D:2      | Reached skill level 1 in Short Blades
   933 | D:2      | Reached skill level 1 in Long Blades
   933 | D:2      | Reached skill level 1 in Maces & Flails
   933 | D:2      | Reached skill level 1 in Polearms
   933 | D:2      | Reached skill level 1 in Staves
   933 | D:2      | Reached skill level 1 in Ranged Weapons
   933 | D:2      | Reached skill level 1 in Throwing
   933 | D:2      | Reached skill level 1 in Stealth
   933 | D:2      | Reached skill level 1 in Shields
   933 | D:2      | Reached skill level 1 in Unarmed Combat
   933 | D:2      | Reached skill level 1 in Spellcasting
   933 | D:2      | Reached skill level 1 in Evocations
  1046 | D:2      | Found a sacrificial altar of Ru.
  1054 | D:2      | Reached XP level 4. HP: 37/41 MP: 5/5
  1184 | D:3      | Found Ibouci's General Store.
  1193 | D:3      | Bought a potion of might for 44 gold pieces
  1403 | D:3      | Reached skill level 1 in Conjurations
  1403 | D:3      | Reached skill level 1 in Hexes
  1403 | D:3      | Reached skill level 1 in Summonings
  1403 | D:3      | Reached skill level 1 in Necromancy
  1403 | D:3      | Reached skill level 1 in Translocations
  1403 | D:3      | Reached skill level 1 in Transmutations
  1403 | D:3      | Reached skill level 1 in Fire Magic
  1403 | D:3      | Reached skill level 1 in Ice Magic
  1403 | D:3      | Reached skill level 1 in Air Magic
  1403 | D:3      | Reached skill level 1 in Earth Magic
  1403 | D:3      | Reached skill level 1 in Poison Magic
  1403 | D:3      | Reached skill level 1 in Shapeshifting
  1901 | D:3      | Reached XP level 5. HP: 46/47 MP: 5/7
  2046 | D:4      | Noticed a phantom
  2056 | D:4      | Killed a phantom
  2057 | D:4      | Reached XP level 6. HP: 53/53 MP: 8/8
  2110 | D:4      | Noticed Grinder
  2126 | D:4      | Killed Grinder
  2127 | D:4      | Reached skill level 5 in Armour
  2127 | D:4      | Reached skill level 5 in Dodging
  2388 | D:4      | Reached XP level 7. HP: 57/59 MP: 10/10
  2390 | D:4      | Noticed Pargi
  2403 | D:4      | Killed Pargi
  2497 | D:4      | Found Sainee's Weapon Boutique.
  2499 | D:4      | Noticed Dowan
  2501 | D:4      | Noticed Duvessa
  2513 | D:4      | Killed Dowan
  2516 | D:4      | Killed Duvessa
  2714 | D:4      | Reached XP level 8. HP: 66/67 MP: 12/12
  2730 | D:4      | Noticed Edmund
  2741 | D:4      | Killed Edmund
  3140 | D:4      | Found a shimmering blue altar of Sif Muna.
  3162 | D:4      | Found Raxzos's General Store.
  3169 | D:4      | Bought a scroll of teleportation for 33 gold pieces
  3338 | D:5      | Entered Level 5 of the Dungeon
  3362 | D:5      | Identified the +3 ring mail of Vehumet's Favour {rPois
                  | Str+2 Dex-3 SInv}
  3453 | D:5      | Noticed Pikel
  3460 | D:5      | Killed Pikel
  3467 | D:5      | Reached XP level 9. HP: 73/73 MP: 12/14
  4216 | D:6      | Noticed Eustachio
  4236 | D:6      | Killed Eustachio
  4514 | D:6      | Reached *** piety under Trog
  4555 | D:6      | Reached skill level 5 in Invocations
  4574 | D:6      | Found an opulent altar of Gozag.
  4735 | D:6      | Found a glowing silver altar of Zin.
  5357 | D:7      | Found a staircase to the Ecumenical Temple.
  5406 | D:7      | Found a blossoming altar of Fedhas.
  5554 | D:7      | Found a hazy altar of Hepliaklqana.
  6117 | D:8      | Noticed a +0 short sword
  6117 | D:8      | Noticed a +0 falchion
  6119 | D:8      | Noticed a +0 dagger
  6120 | D:8      | Noticed a +0 spear
  6120 | D:8      | Noticed a +0 dagger
  6120 | D:8      | Noticed a +0 falchion
  6121 | D:8      | Noticed a +0 short sword
  6122 | D:8      | Noticed a +0 spear
  6126 | D:8      | Found a hide-covered altar of Uskayaw.
  6137 | D:8      | Reached XP level 10. HP: 79/80 MP: 17/17
  6180 | D:8      | Reached skill level 5 in Short Blades
  6180 | D:8      | Reached skill level 5 in Long Blades
  6180 | D:8      | Reached skill level 5 in Maces & Flails
  6180 | D:8      | Reached skill level 5 in Polearms
  6180 | D:8      | Reached skill level 5 in Staves
  6180 | D:8      | Reached skill level 5 in Ranged Weapons
  6180 | D:8      | Reached skill level 5 in Throwing
  6180 | D:8      | Reached skill level 5 in Stealth
  6180 | D:8      | Reached skill level 5 in Shields
  6180 | D:8      | Reached skill level 5 in Unarmed Combat
  6180 | D:8      | Reached skill level 5 in Spellcasting
  6180 | D:8      | Reached skill level 5 in Evocations
  6232 | D:8      | Found a staircase to the Lair.
  6404 | D:8      | Found a radiant altar of Vehumet.
  6916 | D:8      | Found a hide-covered altar of Uskayaw.
  6916 | D:8      | Noticed a manticore
  6928 | D:8      | Killed a manticore
  7221 | D:8      | Reached **** piety under Trog
  7273 | D:8      | Found a white marble altar of Elyvilon.
  7675 | D:9      | Found a broken altar of Ashenzari.
  7690 | D:9      | Noticed a two-headed ogre
  7697 | D:9      | Killed a two-headed ogre
  7766 | D:9      | Noticed an ogre mage
  7775 | D:9      | Killed an ogre mage
  7776 | D:9      | Reached skill level 5 in Conjurations
  7776 | D:9      | Reached skill level 5 in Hexes
  7776 | D:9      | Reached skill level 5 in Summonings
  7776 | D:9      | Reached skill level 5 in Necromancy
  7776 | D:9      | Reached skill level 5 in Translocations
  7776 | D:9      | Reached skill level 5 in Transmutations
  7776 | D:9      | Reached skill level 5 in Fire Magic
  7776 | D:9      | Reached skill level 5 in Ice Magic
  7776 | D:9      | Reached skill level 5 in Air Magic
  7776 | D:9      | Reached skill level 5 in Earth Magic
  7776 | D:9      | Reached skill level 5 in Poison Magic
  7776 | D:9      | Reached skill level 5 in Shapeshifting
  7776 | D:9      | Reached XP level 11. HP: 86/89 MP: 18/20
  8420 | D:9      | Noticed osoart's ghost (novice MfSh)
  8442 | D:9      | Found a runed translucent gate.
  8442 | D:9      | Found a runed translucent gate.
  8442 | D:9      | Found a runed translucent gate.
  8447 | D:9      | Identified the +10 orcbow of Juugeng {flame, rElec rPois
                  | rCorr Str-5}
  8528 | D:9      | Found a staircase to the Orcish Mines.
  8597 | D:9      | Found a stormy altar of Qazlal.
  8606 | D:9      | Found a bloodstained altar of Trog.
  8880 | Lair:1   | Entered Level 1 of the Lair of Beasts
  9684 | Lair:1   | Noticed a catoblepas
  9712 | Lair:1   | Killed a catoblepas
 10134 | Lair:2   | Reached XP level 12. HP: 60/97 MP: 22/22
 11271 | Lair:2   | Found a hole to the Spider Nest.
 11621 | Lair:3   | Found a gate leading to a gauntlet.
 11651 | Gauntlet | Entered a Gauntlet
 11651 | Gauntlet | Found a transporter.
 11736 | Gauntlet | Found a transporter.
 11749 | Gauntlet | Found a transporter.
 11750 | Gauntlet | Found a transporter.
 11751 | Gauntlet | Noticed a cacodemon
 11760 | Gauntlet | Found a transporter.
 11775 | Gauntlet | Found a transporter.
 11782 | Gauntlet | Noticed a seven-headed hydra
 11786 | Gauntlet | Found a transporter.
 11798 | Gauntlet | Found a transporter.
 11801 | Gauntlet | Noticed a hell beast
 11803 | Gauntlet | Found a transporter.
 11803 | Gauntlet | Found a transporter.
 11830 | Gauntlet | Found a runed translucent gate.
 11831 | Gauntlet | Found a runed translucent gate.
 11831 | Gauntlet | Found a transporter.
 11831 | Gauntlet | Found a transporter.
 11832 | Gauntlet | Found a runed translucent gate.
 11887 | Gauntlet | Found a transporter.
 11898 | Gauntlet | Found a transporter.
 12167 | Gauntlet | Reached skill level 10 in Fighting
 12167 | Gauntlet | Reached skill level 10 in Axes
 12218 | Gauntlet | Killed a hell beast
 12223 | Gauntlet | Identified the +1 pair of gloves of Weceluj {+Inv rPois
                  | Int-2 Dex+9 Slay-5}
 12408 | Gauntlet | Identified the +10 spear of Bysky {freeze, Dex+8}
 12408 | Gauntlet | Noticed a minotaur
 12418 | Gauntlet | HP: 4/145 [minotaur/the +10 spear of Bysky {freeze, Dex+8}
                  | (26)]
 12418 | Gauntlet | HP: 1/145 [minotaur/the +10 spear of Bysky {freeze, Dex+8}
                  | (3)]
 12419 | Gauntlet | Mangled by a minotaur

Illustrated notes

Levels and vault maps discovered:
D:1:      minmay_arrival_floating_metal, layout_loops_ring,
          ebering_ecumenical_altar_abandoned
D:2:      layout_rooms, basic_altar
D:3:      layout_basic, serial_shops, shop, chequers_garden
D:4:      layout_basic, lemuel_blue_sif_altar, serial_shops, shop,
          minmay_shop_grid_forest, uniq_pargi, uniq_duvessa, uniq_edmund,
          uniq_grinder
D:5:      layout_loops_ring, uniq_pikel
D:6:      layout_basic, zin_academy, mainiacjoe_overflow_cross_hatched,
          serial_glass, glass_columns_a, glass_columns_b, glass_columns_a,
          glass_columns_b, glass_columns_b, glass_columns_a, glass_columns_c,
          glass_columns_b, glass_columns_a, glass_columns_b, item_on_display_a,
          minmay_strange_pillars, due_unseen_surprise, feat_on_display,
          minmay_misc_feat_x, uniq_eustachio
D:7:      layout_cave_pods, mainiacjoe_overflow_small_starburst,
          overflow_temple_1_default, minmay_temple_entry_junction
D:8:      layout_basic, kennysheep_mini, nicolae_uskayaw_en_pointe,
          minmay_lair_entry_grove, hangedman_feature_mirror
D:9:      layout_basic, mainiacjoe_overflow_swirl, nicolae_ashenzari_skybound,
          gammafunk_ghost_icy, minmay_librarian
Lair:1:   layout_regular_city, st_stairs_10
Lair:2:   layout_layer_cave, spider_nest_entry_webs, wad_woods_road_03,
          beast_lair_carwin_1, grunt_megastairs_3
Lair:3:   mu_elephants_graveyard, layout_chaotic_city,
          elwin_shoals_entry_stream, gauntlet_entry_generic
Gauntlet: minmay_gauntlet_77_tree [minmay_gauntlet_arena_77_radiant_squares,
          minmay_gauntlet_arena_77_run_for_it,
          minmay_gauntlet_arena_77_double_cross,
          minmay_gauntlet_arena_77_block_sizes,
          minmay_gauntlet_arena_77_terracotta_army,
          minmay_gauntlet_arena_77_mirror, minmay_gauntlet_arena_77_box,
          dreamdust_gauntlet_exit_labyrinth]

Skill      XL: |  1  2  3  4  5  6  7  8  9 10 11 12 |
---------------+-------------------------------------+-----
Invocations    | 1 2 3 4 5 6 7 8 |  8.2
Short Blades   | 1 2 3 4 6 7 |  7.5
Long Blades    | 1 2 3 4 6 7 |  7.5
Maces & Flails | 1 2 3 4 6 7 |  7.5
Polearms       | 1 2 3 4 6 7 |  7.5
Staves         | 1 2 3 4 6 7 |  7.5
Ranged Weapons | 1 2 3 4 6 7 |  7.5
Throwing       | 1 2 3 4 6 7 |  7.5
Stealth        | 1 2 3 4 6 7 |  7.5
Shields        | 1 2 3 4 6 7 |  7.5
Unarmed Combat | 1 2 3 4 6 7 |  7.5
Spellcasting   | 1 2 3 4 6 7 |  7.5
Evocations     | 1 2 3 4 6 7 |  7.5
Conjurations   | 1 2 3 4 5 6 |  6.2
Hexes          | 1 2 3 4 5 6 |  6.2
Summonings     | 1 2 3 4 5 6 |  6.2
Necromancy     | 1 2 3 4 5 6 |  6.2
Translocations | 1 2 3 4 5 6 |  6.2
Transmutations | 1 2 3 4 5 6 |  6.2
Fire Magic     | 1 2 3 4 5 6 |  6.2
Ice Magic      | 1 2 3 4 5 6 |  6.2
Air Magic      | 1 2 3 4 5 6 |  6.2
Earth Magic    | 1 2 3 4 5 6 |  6.2
Poison Magic   | 1 2 3 4 5 6 |  6.2
Shapeshifting  | 1 2 3 4 5 6 |  6.2
Armour         | 5 6 7 8 |  8.9
Dodging        | 5 6 7 8 |  8.9
Fighting       | 7 8 9 10 | 10.0
Axes           | 7 8 9 10 | 10.0

Action                     |  1- 3 |  4- 6 |  7- 9 | 10-12 || total
---------------------------+-------+-------+-------+-------++-------
  Melee: Hand axe          |   118 |    82 |     1 |       ||   201
         Bite              |    12 |     6 |    19 |    35 ||    72
         Punch             |     1 |     1 |     5 |    15 ||    22
         Broad axe         |       |       |   245 |   341 ||   586
   Fire: Orcbow            |       |       |       |   152 ||   152
  Throw: Dart              |       |       |     1 |       ||     1
 Invoke: Berserk           |     1 |     4 |     7 |    16 ||    28
         Trog's Hand       |       |     1 |     1 |     8 ||    10
    Use: Scroll            |       |       |    12 |     2 ||    14
         Potion            |       |       |       |     3 ||     3
   Stab: Sleeping          |     4 |       |     3 |     3 ||    10
 Armour: Animal skin       |    24 |       |       |       ||    24
         Ring mail         |    15 |    28 |    80 |   171 ||   294
         Scale mail        |       |     1 |    33 |       ||    34
  Dodge: Dodged            |    81 |    46 |   164 |   334 ||   625
  Block: Other             |       |       |    11 |    94 ||   105
         Reflection        |       |       |       |     4 ||     4

Table legend: (Time is in decaauts)
 A = Elapsed time spent in this place.
 B = Non-inter-level travel time spent in this place.
 C = Inter-level travel time spent in this place.
 D = Time resting spent in this place.
 E = Time spent auto-exploring this place.
 F = Levels seen in this place.
 G = Mean time per level.
                   A        B        C        D        E       F      G
               +--------+--------+--------+--------+--------+-----+--------+
         Total |  12778 |  12235 |    543 |   1846 |   8235 |  13 |  982.9 |
       Dungeon |   9133 |   8651 |    482 |   1136 |   5997 |   9 | 1014.8 |
          Lair |   2858 |   2798 |     60 |    662 |   1752 |   3 |  952.7 |
      Gauntlet |    786 |    786 |      0 |     47 |    486 |   1 |  786.0 |
               +--------+--------+--------+--------+--------+-----+--------+

Top non-repeatable levels by time:
     D:8: 1694 daAuts
  Lair:2: 1655 daAuts
     D:4: 1329 daAuts
     D:9: 1222 daAuts
  Lair:1: 1172 daAuts
     D:6: 1055 daAuts
     D:3: 973 daAuts
     D:5: 876 daAuts
     D:7: 801 daAuts
Gauntlet: 786 daAuts
     D:1: 780 daAuts
     D:2: 400 daAuts
  Lair:3: 31 daAuts
